Map: Acid Plant LE

Players

Pele

  • Race: Terran Terran
  • League: Platinum
  • Spawn Location: 5:00

Juxtapose - Winner!

  • Race: Protoss Protoss
  • League: Platinum
  • Spawn Location: 11:00

VOD

https://youtu.be/lW9ONUNfsYE

Description

This was the most fun match I've played in a while, and I loved how I got to Warp in and make use of Dark Templar.

Time

  • Played on: Feb. 22, 2018, 9:07 p.m.
  • Length: 11:20
Show
View Real Time Build Order
Export as new Build Order

Pele Terran 

Build Orders: Cyclone Opening 

Get SALT Encoding   

  12  0:01  SCV  
  13  0:15  SCV  
  13  0:19  Supply Depot  
  14  0:27  SCV  
  15  0:30  Refinery  
  15  0:40  SCV  
  16  0:48  Barracks  
  16  1:00  SCV, Refinery  
  17  1:12  SCV  
  18  1:24  SCV  
  19  1:37  Marine  
  19  1:39  Supply Depot  
  20  1:48  Factory  
  20  1:53  SCV  
  21  1:57  Barracks Reactor  
  21  2:12  Supply Depot  
  21  2:15  SCV  
  22  2:27  SCV  
  23  2:41  Cyclone  
  23  2:42  Cyclone  
  29  2:45  SCV  
  30  2:57  Supply Depot  
  30  3:11  Orbital Command  
  30  3:14  Cyclone  
  33  3:20  Cyclone  
  36  3:38  SCV  
  37  3:46  Cyclone  
  40  3:51  SCV  
  40  3:52  Cyclone  
  44  4:03  SCV  
  44  4:05  Supply Depot  
  37  4:39  Cyclone  
  37  4:40  Cyclone  
  35  5:11  Cyclone  
  38  5:16  Command Center  
  38  5:21  SCV  
  39  5:29  Barracks Tech Lab  
  39  5:33  SCV  
  40  5:38  Cyclone  
  43  5:44  Barracks  
  43  5:45  SCV  
  46  5:50  Widow Mine, Marauder, Concussive Shells  
  48  5:59  SCV  
  49  6:12  Marauder  
  49  6:13  Supply Depot  
  47  6:30  Hellion  
  47  6:31  Cyclone  
  52  6:33  Marauder  
  54  6:41  SCV  
  54  6:46  Command Center  
  55  6:49  Barracks Tech Lab  
  55  7:01  Supply Depot  
  55  7:02  Combat Shields  
  55  7:22  SCV, Cyclone  
  61  7:23  Marauder  
  61  7:27  Marauder  
  61  7:34  SCV  
  62  7:41  Supply Depot  
  62  7:43  Marine  
  63  7:49  Starport  
  63  7:58  SCV, Cyclone  
  67  7:59  Orbital Command  
  67  8:10  SCV  
  68  8:14  Marine  
  69  8:22  SCV  
  69  8:25  Stimpack  
  70  8:27  SCV  
  70  8:28  Engineering Bay  
  70  8:30  Medivac  
  73  8:34  SCV  
  73  8:39  SCV  
  75  8:46  SCV, Marine x2  
  78  8:53  SCV  
  76  8:57  Refinery  
  76  8:59  Cyclone  
  81  9:04  Starport Reactor, Marine  
  81  9:05  Marauder  
  81  9:06  Terran Infantry Weapons Level 1  
  81  9:08  Supply Depot  
  82  9:16  Barracks  
  82  9:20  SCV  
  82  9:21  SCV  
  82  9:23  Marauder  
  86  9:25  Missile Turret  
  86  9:31  Missile Turret  
  86  9:32  SCV  
  86  9:36  Supply Depot  
  87  9:41  Missile Turret, Viking  
  87  9:43  SCV  
  90  9:46  Marine  
  91  9:58  SCV  
  92  10:00  SCV  
  92  10:01  Missile Turret  
  92  10:04  Barracks  
  93  10:07  Marine x2  
  93  10:08  Medivac  
  93  10:10  SCV  
  93  10:12  SCV  
  99  10:22  SCV  
  99  10:24  SCV  
  99  10:26  Armory  
  101  10:32  Supply Depot  
  101  10:35  SCV  
  102  10:39  Supply Depot, Barracks Tech Lab  
  102  10:41  Supply Depot  
  102  10:53  SCV x2, Barracks Tech Lab  
  102  10:55  Marine x2  
  110  10:58  Supply Depot  
  107  11:05  SCV  
Show
View Real Time Build Order
Export as new Build Order

Juxtapose Protoss - Winner!

Build Orders:  

Get SALT Encoding   

  12  0:01  Probe  
  13  0:13  Probe  
  14  0:20  Pylon  
  14  0:25  Probe  
  15  0:38  Probe  
  15  0:40  Gateway  
  16  0:50  Probe  
  16  0:55  Assimilator  
  17  1:02  Pylon, Probe  
  18  1:11  Assimilator  
  18  1:14  Probe  
  19  1:27  Zealot  
  21  1:40  Cybernetics Core  
  21  1:43  Probe  
  22  1:55  Probe  
  23  2:07  Probe  
  23  2:15  Warp Gate (Chrono Boost)  
  23  2:19  Probe  
  23  2:22  Gateway  
  24  2:27  Robotics Facility  
  24  2:29  Adept  
  26  2:50  Nexus  
  26  2:52  Probe  
  27  3:02  Adept  
  29  3:12  Pylon  
  29  3:15  Observer  
  30  3:24  Pylon  
  30  3:30  Stalker  
  32  3:38  Shield Battery  
  32  3:46  Immortal  
  36  3:49  Probe  
  37  4:01  Probe  
  38  4:08  Pylon  
  38  4:21  Stalker  
  38  4:22  Adept  
  31  4:47  Stalker  
  31  4:48  Stalker  
  31  4:50  Probe x2  
  37  5:02  Probe x2  
  37  5:06  Observer  
  41  5:14  Probe x2  
  41  5:16  Zealot  
  41  5:17  Zealot  
  46  5:29  Probe x2  
  46  5:33  Pylon  
  48  5:38  Immortal  
  48  5:40  Zealot  
  48  5:41  Probe x2  
  56  5:53  Probe x2  
  56  5:54  Pylon  
  58  5:58  Forge  
  58  6:03  Zealot x2  
  62  6:08  Probe x2  
  60  6:32  Adept x2  
  64  6:44  Twilight Council  
  64  6:47  Probe x2  
  64  6:50  Assimilator  
  64  6:53  Assimilator  
  66  6:56  Gateway  
  66  6:59  Probe  
  66  7:00  Probe  
  68  7:01  Gateway  
  68  7:10  Zealot x2  
  68  7:11  Probe  
  68  7:12  Probe  
  72  7:34  Zealot x2  
  76  7:41  Dark Shrine  
  76  7:46  Probe  
  77  7:58  Probe  
  77  7:59  Adept x2, Charge (Chrono Boost), Nexus  
  77  8:01  Protoss Ground Weapons Level 1 (Chrono Boost)  
  82  8:09  Immortal (Chrono Boost)  
  86  8:29  Pylon  
  86  8:32  Pylon  
  86  8:35  Pylon  
  86  8:36  Pylon  
  86  8:46  Immortal  
  90  9:03  Stalker x2  
  90  9:05  Adept x2  
  98  9:28  Probe x2  
  98  9:30  Nexus  
  100  9:32  Dark Templar  
  100  9:33  Dark Templar x2  
  100  9:34  Dark Templar  
  108  9:53  Warp Prism (Chrono Boost)  
  110  10:09  Probe x2  
  110  10:12  Assimilator  
  112  10:17  Dark Templar x2, Assimilator  
  112  10:18  Dark Templar x2  
  120  10:23  Immortal  
  124  10:37  Probe  
  125  10:49  Probe  
  126  10:51  Zealot x2  
  126  10:52  Zealot x2  
Tags
 
Add a new tag
Caveats
  • Supply blocks, unpowered buildings, or Contaminate may cause inaccurate times.
  • Supply counts are checked every 10 seconds.